Map: Submarine LE

Players

黑羽快斗 (ButAlways)

  • Race: Protoss Protoss
  • League: Grandmaster
  • Spawn Location: 5:00

Nice - Winner!

  • Race: Protoss Protoss
  • Spawn Location: 11:00

Event: DreamHack SC2 Masters 2020 Winter

VOD

Have the link to the VOD?

Description

Time

  • Played on: Oct. 23, 2020, 8:33 a.m.
  • Length: 10:14

All games in this series

Show
View Real Time Build Order
Export as new Build Order

黑羽快斗 Protoss 

Build Orders:  

Get SALT Encoding   

  12  0:00  Probe  
  13  0:12  Probe  
  14  0:17  Pylon  
  14  0:24  Probe (Chrono Boost)  
  15  0:36  Probe (Chrono Boost)  
  15  0:38  Gateway  
  16  0:44  Probe (Chrono Boost)  
  16  0:47  Assimilator  
  17  0:51  Probe  
  17  0:55  Assimilator  
  18  1:03  Probe (Chrono Boost)  
  19  1:12  Gateway, Probe (Chrono Boost)  
  19  1:17  Probe (Chrono Boost)  
  21  1:25  Cybernetics Core  
  21  1:29  Probe  
  22  1:36  Pylon  
  22  1:41  Probe  
  23  1:54  Probe  
  23  1:59  Warp Gate (Chrono Boost)  
  24  2:01  Stalker x2  
  28  2:11  Pylon  
  28  2:34  Stalker x2  
  31  2:49  Gateway  
  31  2:51  Probe  
  32  2:57  Pylon  
  32  3:04  Stalker x2  
  36  3:11  Pylon  
  36  3:20  Robotics Facility  
  36  3:33  Shield Battery  
  36  3:45  Stalker x2  
  40  3:49  Stalker  
  42  4:15  Stalker x3  
  46  4:28  Pylon  
  42  4:40  Stalker x3  
  42  5:04  Stalker x2  
  42  5:05  Sentry  
  48  5:07  Pylon  
  48  5:27  Nexus, Observer  
  49  5:31  Sentry  
  51  5:43  Adept x2  
  55  6:02  Robotics Bay  
  55  6:07  Probe  
  55  6:11  Warp Prism (Chrono Boost)  
  58  6:19  Probe  
  58  6:20  Pylon  
  59  6:31  Stalker  
  61  6:42  Shield Battery  
  61  6:49  Disruptor (Chrono Boost)  
  64  6:58  Stalker x2  
  68  7:10  Shield Battery  
  68  7:20  Disruptor (Chrono Boost)  
  71  7:35  Probe  
  71  7:36  Probe  
  73  7:39  Pylon  
  73  7:43  Stalker x2  
  77  7:47  Probe  
  77  7:59  Shield Battery  
  77  8:01  Shield Battery  
  77  8:09  Stalker  
  79  8:13  Disruptor (Chrono Boost)  
  78  8:35  Shield Battery  
  78  8:38  Stalker, Shield Battery  
  80  8:44  Stalker  
  82  8:57  Stalker  
  83  9:07  Shield Battery  
  83  9:09  Shield Battery  
  83  9:12  Stalker, Pylon  
  66  9:29  Stalker x2  
Show
View Real Time Build Order
Export as new Build Order

Nice Protoss - Winner!

Build Orders: Proxy Void Ray 

Get SALT Encoding   

  12  0:00  Probe  
  13  0:12  Probe  
  14  0:19  Pylon  
  14  0:24  Probe  
  15  0:37  Probe (Chrono Boost)  
  15  0:39  Gateway  
  16  0:47  Assimilator, Probe (Chrono Boost)  
  17  0:52  Probe (Chrono Boost)  
  17  0:55  Assimilator  
  18  1:05  Probe (Chrono Boost)  
  19  1:11  Gateway  
  19  1:13  Probe (Chrono Boost)  
  20  1:20  Probe  
  21  1:25  Cybernetics Core  
  21  1:36  Probe  
  21  1:37  Pylon  
  22  1:48  Probe  
  23  2:00  Probe  
  24  2:02  Warp Gate, Adept x2  
  28  2:12  Pylon  
  28  2:21  Shield Battery  
  28  2:32  Stalker x2  
  28  2:36  Stargate  
  32  2:37  Probe  
  33  3:00  Nexus  
  33  3:09  Shield Battery  
  33  3:11  Void Ray (Chrono Boost)  
  36  3:28  Shield Battery  
  39  3:51  Void Ray (Chrono Boost)  
  39  3:53  Pylon  
  39  4:05  Shield Battery  
  39  4:09  Probe  
  38  4:14  Stalker x2  
  42  4:21  Void Ray (Chrono Boost)  
  46  4:36  Shield Battery  
  44  4:43  Stalker  
  44  4:47  Stalker  
  44  4:51  Probe  
  43  4:59  Void Ray (Chrono Boost)  
  47  5:12  Stalker  
  49  5:25  Stalker, Probe x2  
  53  5:37  Probe x2  
  53  5:41  Oracle (Chrono Boost)  
  58  5:51  Probe x2  
  58  5:53  Adept  
  62  6:01  Pylon  
  62  6:06  Shield Battery  
  62  6:10  Void Ray (Chrono Boost)  
  62  6:11  Pylon  
  62  6:20  Probe x2  
  68  6:26  Shield Battery  
  68  6:32  Probe x2  
  70  6:44  Probe x2  
  70  6:48  Robotics Facility  
  70  6:50  Pylon  
  70  6:56  Probe x2  
  70  7:00  Pylon  
  72  7:01  Sentry  
  72  7:02  Pylon, Zealot  
  72  7:07  Gateway  
  77  7:08  Probe  
  77  7:13  Probe  
  78  7:20  Probe  
  78  7:22  Assimilator  
  79  7:23  Assimilator  
  79  7:25  Pylon  
  83  7:31  Probe  
  83  7:32  Probe  
  83  7:35  Observer (Chrono Boost)  
  82  7:38  Forge  
  82  7:40  Sentry  
  82  7:43  Probe  
  82  7:44  Gateway  
  85  7:47  Gateway  
  85  7:49  Gateway  
  85  7:50  Shield Battery  
  83  7:51  Sentry  
  85  7:59  Phoenix (Chrono Boost)  
  87  8:09  Immortal (Chrono Boost)  
  89  8:15  Zealot  
  89  8:16  Zealot x2  
  95  8:31  Phoenix (Chrono Boost)  
  95  8:44  Stalker x2  
  95  8:46  Immortal (Chrono Boost)  
  96  8:55  Phoenix  
  96  9:00  Pylon  
  98  9:10  Stalker x3  
  98  9:11  Stalker  
  106  9:23  Phoenix  
  96  9:30  Stalker x2  
  90  9:44  Stalker x3  
Tags
 
Add a new tag
Caveats
  • Supply blocks, unpowered buildings, or Contaminate may cause inaccurate times.
  • Supply counts are checked every 10 seconds.